AoeStats
← 波卡

Arabia

510499683Analyzed
4v4 RM · 2d ago on Oct 1, 2026· 45m 32s· 8 players
Game mode
Random Map
Map size
Large (8 player)
Population
200
Speed
Normal
Resources
Standard
Victory
Conquest
Starting age
Dark Age
Ending age
Imperial Age
RankedLock teamsTeams togetherTeam positionsShared explorationLock speedFull tech treeHidden civsTurbo modeCheats
Victory
Defeat
🇹🇼 Jurchens · Taiwan
1051
+15
🇨🇳 Danes · China
1042
+15
🇻🇳 Franks · Vietnam
933
+20
🇻🇳 Slavs · Vietnam
929
+20
🇺🇸 Britons · United States
1043
-18
🇫🇷 Malay · France
1039
-18
🇨🇳 Vietnamese · China
999
-17
🇫🇷 Huns · France
998
-17
shabolobodingdong
11:00 Feudal Age
13:16 Double-Bit Axe
18:11 Castle Age
18:11 Horse Collar
18:28 Gold Mining
19:46 Bow Saw
23:40 Ballistics
25:40 Fletching
25:51 Padded Archer Armor
27:49 Bodkin Arrow
28:10 Leather Archer Armor
29:40 Gold Shaft Mining
32:45 Loom
43:02 Imperial Age
elian.chess
1:39 Loom
12:09 Feudal Age
13:34 Horse Collar
14:30 Bloodlines
15:49 Scale Barding Armor
22:48 Castle Age
22:40 Forging
岡門偏佐
2:05 Loom
12:00 Feudal Age
19:18 Castle Age
17:39 Gold Mining
18:04 Horse Collar
18:27 Fletching
19:36 Crossbowman
22:07 Wheelbarrow
21:24 Double-Bit Axe
22:37 Padded Archer Armor
25:12 Heavy Plow
25:12 Stone Mining
25:39 Thumb Ring
25:23 Pikeman
27:55 Forging
29:23 Scale Mail Armor
39:04 Imperial Age
37:52 Hand Cart
38:31 Bodkin Arrow
38:52 Leather Archer Armor
40:20 Paper Money
44:16 Crop Rotation
45:06 Bow Saw
45:25 Bracer
45:55 Ring Archer Armor
Pegasus75
13:36 Feudal Age
13:17 Loom
21:15 Castle Age
波卡
11:34 Feudal Age
12:13 Double-Bit Axe
20:50 Castle Age
21:37 Scale Barding Armor
21:46 Bloodlines
22:20 Bow Saw
24:55 Horse Collar
28:52 Forging
32:20 Iron Casting
Kennyciu
12:22 Feudal Age
17:55 Castle Age
16:29 Double-Bit Axe
34:13 Forging
34:08 Scale Barding Armor
36:57 Imperial Age
35:11 Wheelbarrow
34:59 Bow Saw
34:42 Gold Mining
38:09 Iron Casting
37:54 Chain Barding Armor
39:26 Conscription
39:07 Detinets
40:02 Gold Shaft Mining
39:57 Bloodlines
39:48 Husbandry
40:22 Elite Boyar
42:06 Blast Furnace
41:26 Chain Barding Armor
42:38 Two-Man Saw
41:19 Horse Collar
42:32 Chain Barding Armor
44:41 Plate Barding Armor
44:41 Hand Cart
994327805
11:12 Feudal Age
11:45 Man-at-Arms
16:04 Arson
20:28 Castle Age
18:30 Double-Bit Axe
18:27 Horse Collar
19:37 Scale Mail Armor
19:48 Forging
21:18 Squires
21:52 Chain Mail Armor
22:40 Iron Casting
24:57 Gold Mining
28:23 Loom
30:21 Wheelbarrow
30:38 Bow Saw
30:29 Heavy Plow
31:37 Stone Mining
35:21 Imperial Age
33:52 Gold Shaft Mining
35:26 Elite Varangian Guard
36:12 Capped Ram
38:04 Siege Ram
40:03 Blast Furnace
39:34 Siege Engineers
40:56 Plate Mail Armor
40:04 Hamask
40:09 Northmen's Fury
45:29 Conscription
Holder
11:36 Feudal Age
13:21 Wheelbarrow
17:19 Castle Age
15:33 Double-Bit Axe
20:10 Loom
26:03 Husbandry
44:57 Imperial Age
46:31 Conscription
Connection lost

Rejoining the realm…

Still unreachable

The connection could not be restored.

Session expired

The server has moved on; the page needs a fresh start.